TOP OF THE 1ST |
Chicago Machine batting - Pitching for St. Louis Browns : RHP Claudio Martínez
|
Pitching: RHP Claudio Martínez
|
|
Batting: RHB Lorenzo Guzmán
|
0-0: Called Strike 0-1: Foul Ball, location: 2F 0-2: Ball 1-2: Strikes out swinging
|
Batting: SHB Edward Bartlett
|
0-0: Called Strike 0-1: Swinging Strike 0-2: DOUBLE (Flyball, 78D)
|
Batting: RHB Doug Stephens
|
0-0: Called Strike 0-1: Ball Wild Pitch! Edward Bartlett to third 1-1: Ball 2-1: SINGLE (Line Drive, 9LS) Edward Bartlett scores
|
Batting: LHB Kiyonaga Morita
|
0-0: Ball 1-0: Called Strike 1-1: Called Strike 1-2: Foul Ball, location: 2F 1-2: Grounds into double play, 6-4-3 (Groundball, 6)
|
Top of the 1st over - 1 run(s), 2 hit(s), 0 error(s), 0 left on base; Chicago 1 - St. Louis 0 |
BOTTOM OF THE 1ST |
St. Louis Browns batting - Pitching for Chicago Machine : RHP Geoffrey Keller
|
Pitching: RHP Geoffrey Keller
|
|
Batting: LHB Joe Sanders
|
0-0: SINGLE (Line Drive, 4D)
|
Batting: RHB Anthony Rucker
|
0-0: Called Strike 0-1: Ball 1-1: Called Strike 1-2: Ball 2-2: Foul Ball, location: 2F 2-2: Foul Ball, location: 2F 2-2: Ball 3-2: SINGLE (Line Drive, 8LS) Joe Sanders to second
|
Batting: LHB Stan Hickman
|
0-0: Ball 1-0: Ball 2-0: Ball 3-0: Base on Balls Joe Sanders to third Anthony Rucker to second
|
Batting: LHB Jorge Torres
|
0-0: Fly out, F9 (Flyball, 9LM) Throwing error, E9 Joe Sanders scores Anthony Rucker to third Stan Hickman to second
|
Batting: LHB Robin Hill
|
0-0: Ball 1-0: Ball 2-0: Swinging Strike 2-1: Ground out 4-3 (Groundball, 4) Anthony Rucker scores Stan Hickman to third
|
Batting: RHB Mario Rosales
|
0-0: Ball 1-0: Ball 2-0: Ball 3-0: DOUBLE (Flyball, 78M) Stan Hickman scores
|
Batting: RHB Adrian Prouse
|
0-0: Called Strike 0-1: Ball 1-1: Ground out 4-3 (Groundball, 4M)
|
Bottom of the 1st over - 3 run(s), 3 hit(s), 1 error(s), 1 left on base; Chicago 1 - St. Louis 3 |
TOP OF THE 2ND |
Chicago Machine batting - Pitching for St. Louis Browns : RHP Claudio Martínez
|
Batting: RHB Matt Doyle
|
0-0: SINGLE (Line Drive, 6MD)
|
Batting: SHB Joaquín López
|
0-0: Called Strike 0-1: Fly out, F8 (Flyball, 8LD)
|
Batting: SHB Jesús Ramírez
|
0-0: Ball 1-0: Ball 2-0: Called Strike 2-1: Called Strike 2-2: Foul Ball, location: 2F 2-2: Foul Ball, location: 2F 2-2: Ball 3-2: Base on Balls Matt Doyle to second
|
Batting: RHB Paul Swift
|
0-0: Foul Ball, location: 2F 0-1: Called Strike 0-2: Strikes out swinging
|
Batting: RHB Robert Downing
|
0-0: Ball 1-0: Ball 2-0: Foul Ball, location: 2F 2-1: Foul Ball, location: 2F 2-2: Strikes out looking
|
Top of the 2nd over - 0 run(s), 1 hit(s), 0 error(s), 2 left on base; Chicago 1 - St. Louis 3 |
BOTTOM OF THE 2ND |
St. Louis Browns batting - Pitching for Chicago Machine : RHP Geoffrey Keller
|
Batting: RHB José Flores
|
0-0: Ground out U3 (Groundball, 3L)
|
Batting: LHB Tommy Evans
|
0-0: Ball 1-0: Ball 2-0: Swinging Strike 2-1: Ball 3-1: Foul Ball, location: 2F 3-2: Strikes out swinging
|
Batting: LHB Joe Sanders
|
0-0: Foul Ball, location: 2F 0-1: Foul Ball, location: 2F 0-2: Ball 1-2: Ball 2-2: Ball 3-2: Fly out, F7 (Flyball, 7S)
|
Bottom of the 2nd over - 0 run(s), 0 hit(s), 0 error(s), 0 left on base; Chicago 1 - St. Louis 3 |
TOP OF THE 3RD |
Chicago Machine batting - Pitching for St. Louis Browns : RHP Claudio Martínez
|
Batting: RHB Lorenzo Guzmán
|
0-0: Ball 1-0: Swinging Strike 1-1: Ball 2-1: Called Strike 2-2: Ground out 6-3 (Groundball, 6)
|
Batting: SHB Edward Bartlett
|
0-0: Called Strike 0-1: Called Strike 0-2: Ball 1-2: Ball 2-2: Ground out 5-3 (Groundball, 56)
|
Batting: RHB Doug Stephens
|
0-0: Ball 1-0: Hit by Pitch
|
Batting: LHB Kiyonaga Morita
|
0-0: Ball 1-0: Swinging Strike 1-1: Foul Ball, location: 2F 1-2: Foul Ball, location: 2F 1-2: Strikes out swinging
|
Top of the 3rd over - 0 run(s), 0 hit(s), 0 error(s), 1 left on base; Chicago 1 - St. Louis 3 |
BOTTOM OF THE 3RD |
St. Louis Browns batting - Pitching for Chicago Machine : RHP Geoffrey Keller
|
Batting: RHB Anthony Rucker
|
0-0: Ball 1-0: Ball 2-0: Called Strike 2-1: Called Strike 2-2: Ball 3-2: Base on Balls
|
Batting: LHB Stan Hickman
|
0-0: Ball 1-0: Ball 2-0: Ball 3-0: Called Strike 3-1: Called Strike 3-2: Foul Ball, location: 2F 3-2: Foul Ball, location: 2F 3-2: Base on Balls Anthony Rucker to second
|
Batting: LHB Jorge Torres
|
0-0: Ball 1-0: Called Strike 1-1: Foul Ball, location: 2F 1-2: Ball 2-2: Fly out, F7 (Flyball, 7LM)
|
Batting: LHB Robin Hill
|
0-0: Ball 1-0: Ball 2-0: Called Strike 2-1: Foul Ball, location: 2F 2-2: Fly out, F5 (Line Drive, 56)
|
Batting: RHB Mario Rosales
|
0-0: Called Strike 0-1: Swinging Strike 0-2: Ball 1-2: Foul Ball, location: 2F 1-2: Fielders Choice at 2nd, 6-4 (Groundball, 56)
|
Bottom of the 3rd over - 0 run(s), 0 hit(s), 0 error(s), 1 left on base; Chicago 1 - St. Louis 3 |
TOP OF THE 4TH |
Chicago Machine batting - Pitching for St. Louis Browns : RHP Claudio Martínez
|
Batting: RHB Matt Doyle
|
0-0: Foul Ball, location: 2F 0-1: Ball 1-1: Called Strike 1-2: Ball 2-2: Foul Ball, location: 2F 2-2: Ball 3-2: Foul Ball, location: 2F 3-2: Fly out, F8 (Flyball, 8RD)
|
Batting: SHB Joaquín López
|
0-0: Ball 1-0: SOLO HOME RUN (Line Drive, 89XD), Distance : 393 ft
|
Batting: SHB Jesús Ramírez
|
0-0: Called Strike 0-1: Swinging Strike 0-2: Ball 1-2: Ball 2-2: Ball 3-2: SINGLE (Groundball, 34S) (infield hit)
|
Batting: RHB Paul Swift
|
0-0: Ball Jesús Ramírez steals 2nd base 1-0: Called Strike 1-1: Ball 2-1: Ball 3-1: Swinging Strike 3-2: Base on Balls
|
Batting: RHB Robert Downing
|
0-0: Ball 1-0: Fly out, F9 (Flyball, 9LM)
|
Batting: RHB Lorenzo Guzmán
|
0-0: Ball 1-0: Ball 2-0: SINGLE (Groundball, 56D) Jesús Ramírez to third Paul Swift to second Runner from 3rd tries for Home, SAFE, no throw
|
Batting: SHB Edward Bartlett
|
0-0: Called Strike 0-1: DOUBLE (Line Drive, 8LM) Paul Swift scores Lorenzo Guzmán to third Runner from 3rd tries for Home, SAFE, no throw
|
Batting: RHB Doug Stephens
|
0-0: Called Strike 0-1: Ball 1-1: Ball 2-1: Swinging Strike 2-2: Ball 3-2: Fly out, F6 (Popup, 6D)
|
Top of the 4th over - 4 run(s), 4 hit(s), 0 error(s), 1 left on base; Chicago 5 - St. Louis 3 |
BOTTOM OF THE 4TH |
St. Louis Browns batting - Pitching for Chicago Machine : RHP Geoffrey Keller
|
Batting: RHB Adrian Prouse
|
0-0: Fly out, F8 (Line Drive, 89XD)
|
Batting: RHB José Flores
|
0-0: Ball 1-0: Foul Ball, location: 2F 1-1: Ball 2-1: Foul Ball, location: 2F 2-2: Foul Ball, location: 2F 2-2: Foul Ball, location: 2F 2-2: SINGLE (Groundball, 3D)
|
Batting: LHB Tommy Evans
|
0-0: Ball 1-0: Foul Ball, location: 2F 1-1: Ball 2-1: Ball José Flores is caught stealing 2nd base 3-1: Foul Ball, location: 2F 3-2: Foul Ball, location: 2F 3-2: SINGLE (Line Drive, 6M)
|
Batting: LHB Joe Sanders
|
0-0: Called Strike 0-1: Foul Ball, location: 2F 0-2: Ball Tommy Evans steals 2nd base 1-2: Ball 2-2: Strikes out swinging
|
Bottom of the 4th over - 0 run(s), 2 hit(s), 0 error(s), 1 left on base; Chicago 5 - St. Louis 3 |
TOP OF THE 5TH |
Chicago Machine batting - Pitching for St. Louis Browns : RHP Claudio Martínez
|
Batting: LHB Kiyonaga Morita
|
0-0: Called Strike 0-1: DOUBLE (Line Drive, 9D)
|
Batting: RHB Matt Doyle
|
0-0: Ball 1-0: Ground out 4-3 (Groundball, 34D) Kiyonaga Morita to third
|
Pitching: RHP John Allan
|
|
Batting: SHB Joaquín López
|
0-0: Ball 1-0: Swinging Strike 1-1: Ball 2-1: Ground out 6-3 (Groundball, 6M) Kiyonaga Morita scores
|
Batting: SHB Jesús Ramírez
|
0-0: Called Strike 0-1: Ball 1-1: Ball 2-1: Foul Ball, location: 2F 2-2: Foul Ball, location: 2F 2-2: SINGLE (Groundball, 34D)
|
Batting: RHB Paul Swift
|
0-0: Foul Ball, location: 2F 0-1: Ball 1-1: Called Strike 1-2: Ball 2-2: Strikes out swinging
|
Top of the 5th over - 1 run(s), 2 hit(s), 0 error(s), 1 left on base; Chicago 6 - St. Louis 3 |
BOTTOM OF THE 5TH |
St. Louis Browns batting - Pitching for Chicago Machine : RHP Geoffrey Keller
|
Batting: RHB Anthony Rucker
|
0-0: Called Strike 0-1: SINGLE (Groundball, 34D)
|
Batting: LHB Stan Hickman
|
0-0: Ball 1-0: Ball 2-0: Foul Ball, location: 2F 2-1: Swinging Strike 2-2: Strikes out looking Anthony Rucker steals 2nd base Batter strikes out.
|
Batting: LHB Jorge Torres
|
0-0: Called Strike Anthony Rucker steals 3rd base 0-1: Fly out, F8 (Flyball, 89M) Runner from 3rd tags up, SCORES, throw made
|
Batting: LHB Robin Hill
|
0-0: Ball 1-0: Swinging Strike 1-1: Ball 2-1: Ground out 6-3 (Groundball, 6)
|
Bottom of the 5th over - 1 run(s), 1 hit(s), 0 error(s), 0 left on base; Chicago 6 - St. Louis 4 |
TOP OF THE 6TH |
Chicago Machine batting - Pitching for St. Louis Browns : RHP John Allan
|
Batting: RHB Robert Downing
|
0-0: Called Strike 0-1: Swinging Strike 0-2: Strikes out swinging
|
Batting: RHB Lorenzo Guzmán
|
0-0: Foul Ball, location: 2F 0-1: Called Strike 0-2: Foul Ball, location: 2F 0-2: SINGLE (Groundball, 4MD)
|
Batting: SHB Edward Bartlett
|
0-0: SINGLE (Groundball, 3) (infield hit) Lorenzo Guzmán to second
|
Batting: RHB Doug Stephens
|
0-0: Called Strike 0-1: Ball 1-1: SINGLE (Line Drive, 8RS) Lorenzo Guzmán to third Edward Bartlett to second Runner from 3rd tries for Home, SAFE, no throw
|
Batting: LHB Kiyonaga Morita
|
0-0: Ball 1-0: Called Strike 1-1: Ball 2-1: Ball 3-1: Base on Balls Edward Bartlett to third Doug Stephens to second
|
Pitching: LHP Santiago Valentín
|
|
Batting: RHB Matt Doyle
|
0-0: Fly out, F8 (Flyball, 8RS) Runner from 3rd tags up, SCORES, no throw
|
Batting: SHB Joaquín López
|
0-0: Foul Ball, location: 2F 0-1: Foul Ball, location: 2F 0-2: Ball 1-2: Foul Ball, location: 2F 1-2: Foul Ball, location: 2F 1-2: Ball 2-2: Fielders Choice at 2nd, 6-4 (Groundball, 6)
|
Top of the 6th over - 2 run(s), 3 hit(s), 0 error(s), 1 left on base; Chicago 8 - St. Louis 4 |
BOTTOM OF THE 6TH |
St. Louis Browns batting - Pitching for Chicago Machine : RHP Geoffrey Keller
|
Pitching: RHP Raúl Ruíz
|
|
Batting: RHB Mario Rosales
|
0-0: Ball 1-0: Foul Ball, location: 2F 1-1: Fly out, F5 (Popup, 5S)
|
Batting: RHB Adrian Prouse
|
0-0: Ball 1-0: Called Strike 1-1: Foul Ball, location: 2F 1-2: Foul Ball, location: 2F 1-2: Foul Ball, location: 2F 1-2: Foul Ball, location: 2F 1-2: Ball 2-2: Foul Ball, location: 2F 2-2: Ball 3-2: Base on Balls
|
Batting: RHB José Flores
|
0-0: Ball 1-0: Called Strike 1-1: Ball Adrian Prouse steals 2nd base 2-1: Ball 3-1: Reached on error, E6 (Groundball, 6) Adrian Prouse to third
|
Batting: LHB Tommy Evans
|
0-0: Called Strike 0-1: Ball 1-1: Foul Ball, location: 2F 1-2: Ball 2-2: Strikes out swinging José Flores steals 2nd base Batter strikes out.
|
Batting: LHB Joe Sanders
|
0-0: Ball 1-0: Called Strike 1-1: Called Strike 1-2: Fly out, F4 (Popup, 34)
|
Bottom of the 6th over - 0 run(s), 0 hit(s), 1 error(s), 2 left on base; Chicago 8 - St. Louis 4 |
TOP OF THE 7TH |
Chicago Machine batting - Pitching for St. Louis Browns : LHP Santiago Valentín
|
Batting: SHB Jesús Ramírez
|
0-0: Called Strike 0-1: Ball 1-1: Foul Ball, location: 2F 1-2: Foul Ball, location: 2F 1-2: SINGLE (Groundball, 56D)
|
Batting: RHB Paul Swift
|
0-0: Fly out, F6 (Popup, 6D)
|
Batting: RHB Robert Downing
|
0-0: Foul Ball, location: 2F 0-1: Foul Ball, location: 2F 0-2: DOUBLE (Line Drive, 7LM) Jesús Ramírez to third Runner from 3rd tries for Home, SAFE, no throw
|
Batting: RHB Lorenzo Guzmán
|
0-0: Ball 1-0: Foul Ball, location: 2F 1-1: Fly out, F7 (Flyball, 7)
|
Batting: SHB Edward Bartlett
|
0-0: Ground out 5-3 (Groundball, 56)
|
Top of the 7th over - 1 run(s), 2 hit(s), 0 error(s), 1 left on base; Chicago 9 - St. Louis 4 |
BOTTOM OF THE 7TH |
St. Louis Browns batting - Pitching for Chicago Machine : RHP Raúl Ruíz
|
Batting: RHB Anthony Rucker
|
0-0: Ball 1-0: Foul Ball, location: 2F 1-1: Foul Ball, location: 2F 1-2: Ball 2-2: Ground out 4-3 (Groundball, 4M)
|
Batting: LHB Stan Hickman
|
0-0: Ball 1-0: Foul Ball, location: 2F 1-1: Foul Ball, location: 2F 1-2: Ball 2-2: Ball 3-2: Ground out 5-3 (Groundball, 5S)
|
Batting: LHB Jorge Torres
|
0-0: Ground out 4-3 (Groundball, 34)
|
Bottom of the 7th over - 0 run(s), 0 hit(s), 0 error(s), 0 left on base; Chicago 9 - St. Louis 4 |
TOP OF THE 8TH |
Chicago Machine batting - Pitching for St. Louis Browns : LHP Santiago Valentín
|
Pitching: RHP Beau Brown
|
|
Batting: RHB Doug Stephens
|
0-0: Called Strike 0-1: Called Strike 0-2: Foul Ball, location: 2F 0-2: Foul Ball, location: 2F 0-2: Ball 1-2: Ball 2-2: Ball 3-2: Foul Ball, location: 2F 3-2: Strikes out swinging
|
Batting: LHB Kiyonaga Morita
|
0-0: Foul Ball, location: 2F 0-1: Ball 1-1: Ball 2-1: Ball 3-1: SINGLE (Groundball, 34D)
|
Batting: RHB Matt Doyle
|
0-0: Swinging Strike 0-1: Ball 1-1: Swinging Strike 1-2: Ball 2-2: Ball 3-2: Strikes out swinging
|
Batting: SHB Joaquín López
|
0-0: Called Strike 0-1: Ball 1-1: SINGLE (Flyball, 8LS) Kiyonaga Morita to second Runner from 2nd tries for 3rd, OUT!
|
Top of the 8th over - 0 run(s), 2 hit(s), 0 error(s), 1 left on base; Chicago 9 - St. Louis 4 |
BOTTOM OF THE 8TH |
St. Louis Browns batting - Pitching for Chicago Machine : RHP Raúl Ruíz
|
Batting: LHB Robin Hill
|
0-0: Ball 1-0: DOUBLE (Line Drive, 7LM)
|
Batting: RHB Mario Rosales
|
0-0: Ball 1-0: Called Strike 1-1: Reached on error, E9 (Flyball, 9S) Robin Hill to third
|
Batting: RHB Adrian Prouse
|
0-0: Grounds into double play, 5-4-3 (Groundball, 56) Robin Hill scores
|
Batting: RHB José Flores
|
0-0: Foul Ball, location: 2F 0-1: Ball 1-1: Called Strike 1-2: Strikes out looking
|
Bottom of the 8th over - 1 run(s), 1 hit(s), 1 error(s), 0 left on base; Chicago 9 - St. Louis 5 |
TOP OF THE 9TH |
Chicago Machine batting - Pitching for St. Louis Browns : RHP Beau Brown
|
Batting: SHB Jesús Ramírez
|
0-0: Called Strike 0-1: Ball 1-1: Foul Ball, location: 2F 1-2: Ball 2-2: Fly out, F8 (Flyball, 8RD)
|
Batting: RHB Paul Swift
|
0-0: Called Strike 0-1: Called Strike 0-2: Foul Ball, location: 2F 0-2: Ball 1-2: Strikes out looking
|
Batting: RHB Robert Downing
|
0-0: Ball 1-0: Ball 2-0: Called Strike 2-1: Ball 3-1: Base on Balls
|
Batting: RHB Lorenzo Guzmán
|
0-0: Ground out 4-3 (Groundball, 34)
|
Top of the 9th over - 0 run(s), 0 hit(s), 0 error(s), 1 left on base; Chicago 9 - St. Louis 5 |
BOTTOM OF THE 9TH |
St. Louis Browns batting - Pitching for Chicago Machine : RHP Raúl Ruíz
|
Batting: LHB Tommy Evans
|
0-0: Foul Ball, location: 2F 0-1: Swinging Strike 0-2: Ball 1-2: Ball 2-2: Ball 3-2: Foul Ball, location: 2F 3-2: Base on Balls
|
Pitching: LHP John Lane
|
|
Batting: LHB Joe Sanders
|
0-0: Ball 1-0: Called Strike 1-1: Ball Balk! Tommy Evans to second 2-1: Foul Ball, location: 2F 2-2: Foul Ball, location: 2F 2-2: Ball 3-2: Ground out 4-3 (Groundball, 4) Tommy Evans to third
|
Batting: RHB Anthony Rucker
|
0-0: Ball 1-0: Ground out 6-3 (Groundball, 6) Tommy Evans scores
|
Batting: LHB Stan Hickman
|
0-0: Fly out, F9 (Flyball, 9S)
|
Bottom of the 9th over - 1 run(s), 0 hit(s), 0 error(s), 0 left on base; Chicago 9 - St. Louis 6 |
|